 Dungeon Crawl Stone Soup version 0.27-a0-1434-g6f15984924 (webtiles) character file.

Game seed: 8969906887778678953

55 Sin92 the Skirmisher (level 3, -3/29 HPs)
             Began as a Demonspawn Fighter on July 3, 2021.
             Slain by a gnoll (6 damage)
             ... on level 2 of the Dungeon.
             The game lasted 00:02:39 (1311 turns).

Sin92 the Skirmisher (Demonspawn Fighter)           Turns: 1311, Time: 00:02:40

Health: -3/29      AC:  8    Str: 17    XL:     3   Next: 67%
Magic:  3/3        EV:  7    Int:  9    God:
Gold:   57         SH:  9    Dex: 12    Spells: 2/2 levels left

rFire    . . .     SeeInvis .   a - +0 war axe
rCold    . . .     Faith    .   c - +0 kite shield
rNeg     . . .     Spirit   .   b - +0 scale mail
rPois    .         Reflect  .   (no helmet)
rElec    .         Harm     .   (no cloak)
rCorr    .         Rampage  .   (no gloves)
Will     .....                  (no boots)
Stlth    ..........             (no amulet)
HPRegen  0.09/turn              (no ring)
MPRegen  0.08/turn              (no ring)

@: no status effects
A: icy blue scales 1, spiny 1
a: no special abilities


You were on level 2 of the Dungeon.
You visited 1 branch of the dungeon, and saw 2 of its levels.

You collected 57 gold pieces.

Inventory:

Hand Weapons
 a - a +0 war axe (weapon)
Armour
 b - a +0 scale mail (worn)
 c - a +0 kite shield (worn)
Scrolls
 e - a scroll of amnesia
Potions
 d - a potion of might
 f - a potion of magic {unknown}


   Skills:
 + Level 3.4 Fighting
 + Level 2.2 Axes
 + Level 3.0 Armour
 + Level 1.1 Dodging
 + Level 3.0 Shields


You had 2 spell levels left.
You didn't know any spells.
Your spell library contained the following spells:

 Spells                   Type           Power      Damage    Failure   Level
 Magic Dart               Conj           0%         1d3       99%         1
 Searing Ray              Conj           0%         3d3       100%        2
 Fulminant Prism          Conj/Hex       0%         3d6       100%        4


Dungeon Overview and Level Annotations

Branches:
Dungeon (2/15)

Altars:


Innate Abilities, Weirdness & Mutations

You are partially covered in icy blue scales. (AC +2)
You are partially covered in sharp spines.


Message History

You slash the endoplasm!
You kill the endoplasm!
You now have 57 gold pieces (gained 13).
A gnoll comes into view. It is wielding a +0 spear.
The gnoll shouts!
You hear a shout! x2
A gnoll comes into view. It is wielding a +0 flail.
A gnoll comes into view. It is wielding a +0 club.
You hear a shout!
There are monsters nearby!
A gnoll comes into view. It is wielding a +0 flail.
There are monsters nearby!
You block the gnoll's attack.
There are monsters nearby!
You hit the gnoll.
The gnoll is moderately wounded.
You slash the gnoll! You completely miss the gnoll.
You block the gnoll's attack. The gnoll barely misses you.
You block the gnoll's attack. The gnoll hits you but does no damage.
The gnoll hits you with a +0 spear. The gnoll hits you with a +0 flail.
You slash the gnoll!
You kill the gnoll!
You barely miss the gnoll. You closely miss the gnoll.
The gnoll is struck by your spines. The gnoll hits you with a +0 flail.
The gnoll is struck by your spines. The gnoll hits you with a +0 flail. x2
* * * LOW HITPOINT WARNING * * *
The gnoll barely misses you. The gnoll hits you with a +0 club.
* * * LOW HITPOINT WARNING * * *
You hit the gnoll.
The gnoll is severely wounded.
The gnoll barely misses you.
You hit the gnoll.
The gnoll is almost dead.
The gnoll hits you with a +0 flail.
* * * LOW HITPOINT WARNING * * *
You block the gnoll's attack.
Unknown command.
You hit the gnoll.
You kill the gnoll!
The gnoll hits you with a +0 flail.
You die...

##### #....##.... .....
+.....#....
#################.......#
......................###
##################....#
##### ###### ##...# ....#
#..... #...# ....##
##.....####...#####
......
......gg@..........
....##
##.....############ #####
#..... #..... #.....
#..... ######


You could see 2 gnolls.

Vanquished Creatures
  2 gnolls (D:2)
  2 dart slugs (D:1)
  5 ball pythons
  4 endoplasms
  5 goblins (D:1)
  5 hobgoblins
  4 jackals (D:1)
  4 kobolds
  A quokka (D:1)
  3 bats
  A rat (D:2)
36 creatures vanquished.

Notes
Turn   | Place    | Note
-------+----------+-------------------------------------------
     0 | D:1      | Sin92 the Demonspawn Fighter began the quest for the Orb.
     0 | D:1      | Reached XP level 1. HP: 18/18 MP: 1/1
   387 | D:1      | Gained mutation: You are partially covered in sharp spines.
                  | [demonic ancestry]
   387 | D:1      | Reached XP level 2. HP: 24/24 MP: 2/2
   878 | D:1      | Gained mutation: You are partially covered in icy blue
                  | scales. (AC +2) [demonic ancestry]
   878 | D:1      | Reached XP level 3. HP: 29/29 MP: 3/3
  1144 | D:2      | Reached skill level 1 in Dodging
  1311 | D:2      | Slain by a gnoll

Illustrated notes

Levels and vault maps discovered:
D:1:      mainiacjoe_arrival_reflecting_pool, layout_basic,
          hangedman_decor_push, hex_medium
D:2:      minmay_chambers_of_ones, layout_basic, skrybe_limestone_x

Skill      XL: |  1  2  3 |
---------------+----------+-----
Axes           | 2 |  2.2
Armour         | 3 |  3.0
Dodging        | 1 |  1.1
Shields        | 3 |  3.0
Fighting       | |  3.4

Action                   || total
-------------------------++-------
Melee: War axe           ||    75
  Use: Scroll            ||     3
Armor: Scale mail        ||    31
Dodge: Dodged            ||    24
Block: Kite shield       ||    36

Table legend: (Time is in decaauts)
 A = Elapsed time spent in this place.
 B = Non-inter-level travel time spent in this place.
 C = Inter-level travel time spent in this place.
 D = Time resting spent in this place.
 E = Time spent auto-exploring this place.
 F = Levels seen in this place.
 G = Mean time per level.
                   A        B        C        D        E       F      G
               +--------+--------+--------+--------+--------+-----+--------+
         Total |   1358 |   1323 |     35 |      0 |   1103 |   2 |  679.0 |
       Dungeon |   1358 |   1323 |     35 |      0 |   1103 |   2 |  679.0 |
               +--------+--------+--------+--------+--------+-----+--------+

Top non-repeatable levels by time:
     D:1: 1129 daAuts
     D:2: 229 daAuts
